 Dungeon Crawl Stone Soup version 0.30-a0-782-ge64f9170bb (console) character file.

Game seed: 6000980329269894230

767 Banquo the Magician (level 8, -3/56 HPs)
             Began as a Djinni Air Elementalist on Feb 21, 2023.
             Was an Initiate of Ashenzari.
             Slain by an ice beast (13 damage)
             ... on level 5 of the Dungeon.
             The game lasted 00:08:50 (4395 turns).

Banquo the Magician (Djinni Air Elementalist)       Turns: 4395, Time: 00:08:51

Health: -3/56      AC:  2    Str: 13    XL:     8   Next: 8%
Gold:   263        EV: 12    Int: 19    God:    Ashenzari [......] SH:  0 Dex: 14

rFire   + + .      SeeInvis .    a - staff of air
rCold   x . .      Faith    .    (no shield)
rNeg    . . .      Spirit   .    c - +0 robe
rPois   ∞          Reflect  .    (no helmet)
rElec   +          Harm     .    (no cloak)
rCorr   .          Rampage  .    (no gloves)
Will    +....                    (boots unavailable)
Stlth   ++                       (no amulet)
HPRegen 0.29/turn                B - ring of willpower
MPRegen 0.00/turn                C - +6 ring of strength

@: flying
A: sickness immunity, fire resistance 2, cold vulnerability 1, float, innate
caster, HP casting, extra vitality 1
a: Renounce Religion


You were on level 5 of the Dungeon.
You worshipped Ashenzari.
Ashenzari was noncommittal.
You visited 2 branches of the dungeon, and saw 6 of its levels.

You collected 263 gold pieces.

Inventory:

Hand Weapons
 b - a +1 dagger of freezing
 h - a +0 spear
 y - a +2 spear of distortion
 A - a +2 short sword of venom
 D - a +1 flail of protection
Missiles
 n - a throwing net
Armour
 c - a +0 robe (worn)
Magical Staves
 a - a staff of air (weapon)
 s - a staff of cold
Jewellery
 l - an amulet of guardian spirit
 o - a ring of fire
 B - a ring of willpower (left hand)
 C - a +6 ring of strength (right hand)
Wands
 t - a wand of charming (8)
Scrolls
 d - a scroll of magic mapping {unknown}
 e - 3 scrolls of identify {unknown}
 k - 5 scrolls of noise {unknown}
 m - a scroll of immolation {unknown}
 q - 3 scrolls of teleportation {unknown}
 r - a scroll of vulnerability {unknown}
 v - a scroll of torment {unknown}
 w - 2 scrolls of enchant weapon {unknown}
 z - a scroll of fear {unknown}
Potions
 f - 2 potions of degeneration {unknown}
 g - 3 potions of brilliance {unknown}
 i - 2 potions of lignification {unknown}
 j - a potion of curing {unknown}
 p - a potion of magic {unknown}
 u - a potion of heal wounds
 x - 2 potions of mutation {unknown}


   Skills:
 * Level 3.5 Fighting
 - Level 2.1 Dodging
 - Level 1.5 Stealth
 + Level 6.2 Spellcasting


You had 3 spell levels left.
You knew the following spells:

 Your Spells              Type           Power      Damage    Failure   Level
a - Shock                 Conj/Air       100%       1d9       1%          1
b - Airstrike             Air            22%        2d(4-20)  9%          4
c - Kiss of Death         Conj/Necr      100%       2d13      1%          1
d - Static Discharge      Conj/Air       88%        2-6/arc   1%          2
e - Momentum Strike       Conj/Tloc      58%        3d9       1%          2
t - Teleport Other        Tloc           29%        N/A       2%          3
M - Swiftness             Air            44%        N/A       2%          3
Your spell library was empty.

Dungeon Overview and Level Annotations

Branches:
Dungeon (5/15)             Temple (1/1) D:4

Altars:
Ashenzari
Cheibriados
Gozag
Okawaru
Qazlal
Ru
Uskayaw
Zin
The Shining One

Shops:
D:5 [*


Innate Abilities, Weirdness & Mutations

You are immune to sickness and miasma.
You are immune to poison.
Your flesh is very heat resistant. (rF++)
You are vulnerable to cold. (rC-)
You float through the air rather than walking.
You learn spells naturally, not from books.
Your magical power is your life essence.
You have superior vitality. (+4 MHP)


Message History

The ice beast is moderately wounded.
The ice beast attacks as you move away! The ice beast closely misses you.
Casting: Shock (safe; 1% risk of failure)
Confirm with . or Enter, or press ? or * to list all spells.
Aiming: Shock (safe; 1% risk of failure)
Press: ? - help, Shift-Dir - straight line, p - ice beast You feel a surge of power!
The zap misses the ice beast.
The zap hits the ice beast.
The ice beast is moderately wounded.
The ice beast hits you. The ice beast freezes you!!
You feel a terrible chill!
Casting: Shock (safe; 1% risk of failure)
Confirm with . or Enter, or press ? or * to list all spells.
Aiming: Shock (safe; 1% risk of failure)
Press: ? - help, Shift-Dir - straight line You feel a surge of power!
The zap misses the ice beast.
The zap hits the ice beast.
The ice beast is moderately wounded.
The ice beast barely misses you.
Casting: Shock (safe; 1% risk of failure)
Confirm with . or Enter, or press ? or * to list all spells.
Aiming: Shock (safe; 1% risk of failure)
Press: ? - help, Shift-Dir - straight line You feel a surge of power!
The zap hits the ice beast.
The ice beast is heavily wounded.
The zap misses the ice beast.
The ice beast hits you. The ice beast freezes you!
You feel a terrible chill!
* * * LOW HITPOINT WARNING * * *
Casting: Shock (safe; 1% risk of failure)
Confirm with . or Enter, or press ? or * to list all spells.
Aiming: Shock (safe; 1% risk of failure)
Press: ? - help, Shift-Dir - straight line You feel a surge of power!
The zap hits the ice beast.
The ice beast is heavily wounded.
The zap hits the ice beast.
The ice beast is severely wounded.
* * * LOW HITPOINT WARNING * * *
The ice beast hits you.
* * * LOW HITPOINT WARNING * * *
The ice beast freezes you!
You feel a terrible chill!
You die...

###.....####.#.#..#.##.####.#
##.......#.......(.#.##.# #
...........##.#.####.##.#
##.......####.#.####.##.#
##...........#......##..
###....#.........########
)).......#####..:# ####†.....#
#...# #...<)....# #..@#######
#.##......# #...Y.....#
#.##.....#####...#####.##
......#...............#.#
..###.#........<.....##.†.Y....
### #.##......................o
##.########...####..♣.♣.♣.♣.
#...# #.... ... ∩.♣.∩.. #...#
#...####.. .♣.♣.♣


You could see an ice beast.

Vanquished Creatures
  An ogre (D:4)
  A phantom (D:5)
  2 necrophages
  2 scorpions
  3 hounds
  A jelly (D:5)
  An iguana (D:5)
  10 gnolls
  5 adders
  A worm (D:3)
  3 dart slugs
  5 orcs
  4 ball pythons
  8 bats
  8 endoplasms
  3 giant cockroaches
  4 goblins
  4 hobgoblins
  2 jackals (D:1)
  7 kobolds
  3 quokkas
  6 frilled lizards
  5 rats
89 creatures vanquished.

Vanquished Creatures (others)
  16 plants (D:4)
16 creatures vanquished.

Grand Total: 105 creatures vanquished

Notes
Turn   | Place    | Note
-------+----------+-------------------------------------------
     0 | D:1      | Banquo the Djinni Air Elementalist began the quest for the
                  | Orb.
     0 | D:1      | Banquo set off with the following spells memorised: Shock,
                  | Static Discharge, Swiftness, Airstrike.
     0 | D:1      | Reached XP level 1. HP: 15/15 MP: 0/0
   110 | D:1      | Reached XP level 2. HP: 19/22 MP: 0/0
   939 | D:2      | Reached skill level 3 in Spellcasting
   940 | D:2      | Reached XP level 3. HP: 23/26 MP: 0/0
   940 | D:2      | Learned a level 1 spell: Kiss of Death
   979 | D:2      | Noticed a necrophage
   987 | D:2      | Killed a necrophage
   988 | D:2      | Reached skill level 1 in Fighting
   988 | D:2      | Reached XP level 4. HP: 6/32 MP: 0/0
  1360 | D:2      | Reached XP level 5. HP: 36/38 MP: 0/0
  1360 | D:2      | Learned a level 2 spell: Momentum Strike
  2140 | D:3      | Reached skill level 4 in Spellcasting
  2301 | D:3      | Found an iron altar of Okawaru.
  2898 | D:4      | Found a glowing golden altar of the Shining One.
  2930 | D:4      | Reached XP level 6. HP: 36/45 MP: 0/0
  3080 | D:4      | Noticed an ogre
  3116 | D:4      | Found a hide-covered altar of Uskayaw.
  3126 | D:4      | Killed an ogre
  3127 | D:4      | Reached skill level 5 in Spellcasting
  3127 | D:4      | Reached XP level 7. HP: 46/49 MP: 0/0
  3127 | D:4      | Learned a level 3 spell: Teleport Other
  3227 | D:4      | Found a broken altar of Ashenzari.
  3290 | D:4      | Found a staircase to the Ecumenical Temple.
  3301 | Temple   | Entered the Ecumenical Temple
  3478 | D:4      | Became a worshipper of Ashenzari the Shackled
  3726 | D:5      | Entered Level 5 of the Dungeon
  4171 | D:5      | Reached skill level 6 in Spellcasting
  4246 | D:5      | Reached XP level 8. HP: 29/56 MP: 0/0
  4375 | D:5      | Found Jicuoch's Assorted Antiques.
  4376 | D:5      | Found Geydom's Armour Shop.
  4395 | D:5      | Slain by an ice beast

Illustrated notes

Levels and vault maps discovered:
D:1:      lemuel_arrival_tunnels, layout_loops_ring, grunt_decor_fettered,
          grunt_decor_cap, dreamdust_princess_bridge
D:2:      layout_loops_corners, minmay_liquid_box, kennysheep_generic_room_12
D:3:      layout_basic, mainiacjoe_overflow_alcove_2, skrybe_limestone_x
D:4:      layout_rooms, tso_oasis_becter, mainiacjoe_overflow_catwalk,
          evilmike_ruin_ashenzari, minmay_temple_entry_offerings,
          nicolae_grassy_gnolls
D:5:      layout_loops_cross, kennysheep_mini, serial_shops, shop,
          minmay_shop_grid_forest
Temple:   nicolae_temple_bog_church

Skill      XL: |  1  2  3  4  5  6  7 |
---------------+----------------------+-----
Spellcasting   | 3 4 5 6 |  6.2
Fighting       | 1 2 3 |  3.5
Dodging        | |  2.1
Stealth        | |  1.5

Action                     |  1- 3 |  4- 6 |  7- 9 || total
---------------------------+-------+-------+-------++-------
   Cast: Shock             |    44 |   107 |    96 ||   247
 Armour: Robe              |     5 |     1 |     3 ||     9
  Dodge: Dodged            |    14 |    15 |    14 ||    43

Table legend: (Time is in decaauts)
 A = Elapsed time spent in this place.
 B = Non-inter-level travel time spent in this place.
 C = Inter-level travel time spent in this place.
 D = Time resting spent in this place.
 E = Time spent auto-exploring this place.
 F = Levels seen in this place.
 G = Mean time per level.
                   A        B        C        D        E       F      G
               +--------+--------+--------+--------+--------+-----+--------+
         Total |   4393 |   4042 |    351 |    294 |   3199 |   6 |  732.2 |
       Dungeon |   4242 |   3905 |    337 |    294 |   3066 |   5 |  848.4 |
        Temple |    151 |    137 |     14 |      0 |    133 |   1 |  151.0 |
               +--------+--------+--------+--------+--------+-----+--------+

Top non-repeatable levels by time:
     D:2: 1165 daAuts
     D:1: 959 daAuts
     D:4: 780 daAuts
     D:3: 743 daAuts
     D:5: 592 daAuts
  Temple: 151 daAuts
